 Dungeon Crawl Stone Soup version 0.32-a0-791-gfc315c9ecd (webtiles) character file.

Game seed: 15199204974036001488

13399 jasper the Bludgeoner (level 11, -14/115 HPs)
             Began as a Troll Berserker on Mar 20, 2024.
             Was an Elder of Trog.
             Demolished by a cyclops (18 damage)
             ... on level 9 of the Dungeon.
             The game lasted 00:14:17 (8633 turns).

jasper the Bludgeoner (Troll Berserker)             Turns: 8633, Time: 00:14:17

Health: -14/115    AC: 12    Str: 29    XL:     11   Next: 75%
Magic:  10/10      EV:  9    Int:  5    God:    Trog [****..]
Gold:   1697       SH:  0    Dex:  9    Spells: 10/10 levels left

rFire   + . .        p - +0 giant spiked club
rCold   . . .        (shield currently unavailable)
rNeg    . . .        F - +1 steam dragon scales
rPois   .            (helmet restricted)
rElec   .            (no cloak)
rCorr   .            (gloves unavailable)
SInv    .            (boots unavailable)
Will    ++...        (no amulet)
Stlth   +            q - +4 ring of protection
HPRegen 2.19/turn    m - ring of protection from fire
MPRegen 0.12/turn

%: no passive effects
@: lethally poisoned (-14 -> -16), about to teleport, strong-willed, on berserk
cooldown, regenerating, slowed, studying 2 skills, very slow
A: large, unfitting armour, claws 3, regeneration 1, shaggy fur 1, tough skin 1
a: Renounce Religion, Berserk, Trog's Hand, Brothers in Arms


You were on level 9 of the Dungeon.
You worshipped Trog.
Trog was greatly pleased with you.
You visited 1 branch of the dungeon, and saw 9 of its levels.
You also visited: Bailey.

You collected 1697 gold pieces.

Inventory:

Hand Weapons
 a - a +1 mace
 d - a +0 whip
 e - a +0 whip
 p - a +0 giant spiked club (weapon)
 s - a +0 flail
 u - the +11 quarterstaff of the Well-Known Lives {drain, rC++}
   (You found it on level 6 of the Dungeon)

   rC++:      It greatly protects you from cold.
 w - a +1 flail of venom
 C - a +0 giant spiked club
 D - a +0 dagger
 G - a +0 spear
Missiles
 c - 90 stones
 B - 24 javelins
 E - 15 poisoned darts (quivered)
Armour
 b - a +0 animal skin
 v - a +1 robe of positive energy
 F - +1 steam dragon scales (worn)
 H - +0 acid dragon scales
 J - a +0 troll leather armour
Jewellery
 k - a ring of resist corrosion
 l - a +6 ring of intelligence
 m - a ring of protection from fire (right claw)
 q - a +4 ring of protection (left claw)
 y - a ring of positive energy
 z - a +6 ring of dexterity
 A - a +5 ring of evasion
Talismans
 g - a storm talisman
Wands
 x - a wand of flame (4)
 I - a wand of iceblast (15)
Scrolls
 f - 2 scrolls of noise
 i - a scroll of teleportation
 t - a scroll of immolation
 L - a scroll of revelation
 M - a scroll of identify
Potions
 h - 2 potions of might
 j - a potion of ambrosia
 n - a potion of curing
 o - 3 potions of brilliance
 r - 2 potions of lignification
 K - a potion of cancellation
 N - a potion of enlightenment {unknown}
 O - a potion of resistance {unknown}


   Skills:
 + Level 9.5 Fighting
 * Level 17.4 Maces & Flails
 - Level 2.4 Dodging


You had 10 spell levels left.
You didn't know any spells.
Your spell library was empty.

Dungeon Overview and Level Annotations

Branches:
Dungeon (9/15)             Temple (0/1) D:4          Bailey (visited)
   Lair: D:8-11         Orc: D:9-12

Altars:
Cheibriados
Dithmenos
Fedhas
Kikubaaqudgha
Ru
Sif Muna
Vehumet
Wu Jian

Shops:
D:3 :


Innate Abilities, Weirdness & Mutations

You are too large for most types of armour.
You have claws for hands.
Your natural rate of healing is unusually fast.
You are covered in fur. (AC +1)
You have tough skin. (AC +1)


Message History

You feel yourself slow down.
The cyclops shouts!
You hear a bellow!
The cyclops barely misses you.
A cyclops comes into view.
A meliai comes into view. It is wielding a +0 war axe.
Things that are here:
a +0 spear; a +0 scale mail; a +0 shortbow You now have 93/115 hp.
You see here a +0 battleaxe.
You regained 2 hp, and now have 95/115 hp.
Your skin crawls.
You feel strong-willed. The meliai hits you with a +0 war axe.
The meliai closely misses you. The meliai hits you with a +0 war axe!
The meliai stings you. The meliai hits you with a +0 war axe!
The meliai stings you but does no damage.
You take 29 damage, and have 66/115 hp.
MASSIVE DAMAGE!!
You barely miss the meliai. The meliai barely misses you.
The meliai stings you.
You are poisoned.
The meliai poisons you!
The meliai invokes the aid of its god against you.
Something smites you!
The meliai calls down the wrath of its god upon you.
Something smites you! The cyclops hits you!!
* * * LOW HITPOINT WARNING * * *
You take 44 damage, and have 22/115 hp.
MASSIVE DAMAGE!!
Okay, then.
As you read the scroll of teleportation, it crumbles to dust.
You feel strangely unstable.
You feel extremely sick.
The meliai calls down the wrath of its god upon you.
Something smites you!
* * * LOW HITPOINT WARNING * * *
The meliai completely misses you. The meliai barely misses you.
The meliai hits you with a +0 war axe.
* * * LOW HITPOINT WARNING * * *
The meliai stings you but does no damage.
The cyclops hits you!!
You die...

#[..# #.# #..#...#......
###...#######.######..#####......
.........................<.......
...,,,...........................
.#########################[#####.
.##....#### ##.....###..#.)#.#.#.
.#...###..###.......###.#..#...#.
.#..##....##...#[#...#.....#...#.
.#.##....###..##@##..###.....###.
.#.#.....#.....C#y...#.........#.
.#.#....##.#..##.##..######..###.
.#.)...##..#...#.#,,.#.........#.
.#...###...##....,,,*##....#..##.
.##.......####.....**#..#..#...#.
.#####.####**###.##**#####.#####.
.#####.####*,,,#.#,,,*#..##..# #.
.##..#.#..#*,,,#C#,,,##..##..###.


You could see a cyclops and a meliai.

Vanquished Creatures
  2 centaur warriors (D:9)
  2 two-headed ogres (D:9)
  A skeletal warrior (D:9)
  A meliai (shapeshifter) (D:9)
  Jeremiah (D:8)
  An unseen horror (D:8)
  2 kobold demonologists (D:9)
  4 trolls (D:9)
  2 hornets
  8 yaks (D:9)
  4 wyverns
  Menkaure (D:5)
  3 steam dragons
  2 water moccasins
  5 acid dragons
  A black bear (D:6)
  12 orc warriors
  An ice beast (D:6)
  A laughing skull (D:9)
  2 ogres
  11 centaurs
  2 phantoms
  4 kobold brigands
  3 gnoll sergeants
  8 bullfrogs
  6 scorpions
  A burial acolyte (D:6)
  2 wights (D:9)
  3 killer bees (D:9)
  A howler monkey (D:9)
  4 hounds
  3 orc priests
  A jelly (D:7)
  2 gnoll boudas (D:9)
  A sleepcap (D:4)
  3 iguanas
  6 orc wizards
  A hound zombie (D:6)
  5 gnolls (D:8)
  10 adders
  2 shadow imps (D:6)
  A white imp (D:6)
  6 ufetubi
  2 adder zombies (D:6)
  A dart slug (D:2)
  2 ribbon worms
  35 orcs
  3 bats
  4 endoplasms
  5 giant cockroaches
  A gnoll zombie (D:6)
  12 goblins
  5 hobgoblins
  4 jackals (D:5)
  17 kobolds
  3 quokkas
  10 ball pythons
  5 frilled lizards
  3 kobold zombies (D:6)
  7 rats
261 creatures vanquished.

Vanquished Creatures (others)
  An orc (Bailey)
1 creature vanquished.

Grand Total: 262 creatures vanquished

Notes
Turn   | Place    | Note
-------+----------+-------------------------------------------
     0 | D:1      | jasper the Troll Berserker began the quest for the Orb.
     0 | D:1      | Reached XP level 1. HP: 22/22 MP: 0/0
    95 | D:1      | Reached skill level 3 in Maces & Flails
    96 | D:1      | Reached XP level 2. HP: 29/29 MP: 1/1
   532 | D:1      | Reached ** piety under Trog
   639 | D:2      | Reached XP level 3. HP: 36/36 MP: 2/2
  1028 | D:2      | Reached skill level 4 in Maces & Flails
  1028 | D:2      | Reached XP level 4. HP: 41/45 MP: 3/3
  1454 | D:3      | Found Misch's Book Boutique.
  1526 | D:3      | Noticed a scorpion
  1551 | D:3      | Killed a scorpion
  1552 | D:3      | Reached XP level 5. HP: 53/53 MP: 4/4
  1959 | D:4      | Reached skill level 5 in Maces & Flails
  1979 | D:4      | Reached *** piety under Trog
  1988 | D:4      | Reached XP level 6. HP: 19/62 MP: 5/5
  2128 | D:4      | Found a staircase to the Ecumenical Temple.
  2651 | D:5      | Entered Level 5 of the Dungeon
  2724 | D:5      | Reached skill level 6 in Maces & Flails
  2839 | D:5      | Found a radiant altar of Vehumet.
  2846 | D:5      | Reached XP level 7. HP: 71/71 MP: 6/6
  2903 | D:5      | Found a shimmering blue altar of Sif Muna.
  2906 | D:5      | Found an ornate altar of the Wu Jian Council.
  2906 | D:5      | Found a snail-covered altar of Cheibriados.
  2912 | D:5      | Found a sacrificial altar of Ru.
  3021 | D:5      | Noticed Menkaure
  3027 | D:5      | Killed Menkaure
  3158 | D:5      | Found a blossoming altar of Fedhas.
  3407 | D:6      | Reached skill level 7 in Maces & Flails
  3547 | D:6      | Noticed a steam dragon
  3555 | D:6      | Killed a steam dragon
  3556 | D:6      | Reached skill level 5 in Fighting
  3556 | D:6      | Reached XP level 8. HP: 80/80 MP: 7/7
  3685 | D:6      | Found an ancient bone altar of Kikubaaqudgha.
  3711 | D:6      | Identified the +11 quarterstaff of the Well-Known Lives
                  | {drain, rC++}
  3758 | D:6      | Reached skill level 8 in Maces & Flails
  4068 | D:6      | Found a shadowy altar of Dithmenos.
  4261 | D:6      | Reached skill level 9 in Maces & Flails
  4618 | D:7      | Reached XP level 9. HP: 87/89 MP: 8/8
  4738 | D:7      | Reached **** piety under Trog
  5233 | D:7      | Reached skill level 10 in Maces & Flails
  5445 | D:8      | Noticed Jeremiah
  5566 | D:8      | Found a flagged portal.
  5576 | D:8      | Killed an unseen horror
  5577 | D:8      | Reached skill level 11 in Maces & Flails
  5591 | Bailey   | Entered a bailey
  5805 | Bailey   | Reached XP level 10. HP: 74/102 MP: 9/9
  6378 | Bailey   | Reached skill level 12 in Maces & Flails
  6421 | Bailey   | Acquired a manual of Maces & Flails
  6754 | D:8      | Killed Jeremiah
  7204 | D:8      | Acquired 935 gold pieces
  7261 | D:9      | Noticed a two-headed ogre
  7268 | D:9      | Killed a two-headed ogre
  7269 | D:9      | Reached skill level 13 in Maces & Flails
  7474 | D:9      | Reached skill level 14 in Maces & Flails
  7502 | D:9      | Noticed a two-headed ogre
  7518 | D:9      | Killed a two-headed ogre
  7526 | D:9      | Reached skill level 15 in Maces & Flails
  7542 | D:9      | Reached XP level 11. HP: 104/109 MP: 10/10
  7772 | D:9      | Paralysed by a hornet for 1 turns
  8218 | D:9      | Reached skill level 16 in Maces & Flails
  8231 | D:9      | Noticed a centaur warrior
  8239 | D:9      | Killed a centaur warrior
  8434 | D:9      | Reached skill level 17 in Maces & Flails
  8610 | D:9      | Noticed a skeletal warrior
  8615 | D:9      | Killed a skeletal warrior
  8615 | D:9      | Noticed a centaur warrior
  8623 | D:9      | Killed a centaur warrior
  8633 | D:9      | HP: 4/115 [meliai/+0 war axe (3)]
  8633 | D:9      | Demolished by a cyclops

Illustrated notes

Levels and vault maps discovered:
D:1:      nzn_arrival_water_spiral, layout_loops_ring
D:2:      layout_loops_ring
D:3:      layout_rooms, serial_shops, nicolae_book_shop_shelving
D:4:      layout_cave_pools, minmay_temple_entry_overgrown,
          chequers_serial_rivers_small_a, minmay_surrounded
D:5:      layout_loops_ring, mainiacjoe_overflow_catwalk,
          nicolae_overflow_hallway_of_the_gods, uniq_menkaure
D:6:      minmay_inner_zag, layout_cave_pods, nicolae_dithmenos_the_darkroom,
          regret_index_kikubaaqudgha_part_by_part,
          chequers_serial_rivers_small_b, corner_web_ring
D:7:      layout_loops_ring
D:8:      layout_basic, enter_bailey_3, uniq_jeremiah
D:9:      minmay_the_grid_3x3 [minmay_the_grid_spikes,
          minmay_the_grid_minigrid_medium, minmay_the_grid_paths,
          minmay_the_grid_plusring, minmay_the_grid_large_cup,
          minmay_the_grid_dragon_a, minmay_the_grid_rooms,
          minmay_the_grid_garden, minmay_the_grid_prize_big_room],
          layout_irregular_city, minmay_between

Skill      XL: |  1  2  3  4  5  6  7  8  9 10 11 |
---------------+----------------------------------+-----
Maces & Flails | 3 4 5 6 7 9 11 15 17 | 17.4
Fighting       | 3 4 5 6 7 9 |  9.5
Dodging        | |  2.4

Action                     |  1- 3 |  4- 6 |  7- 9 | 10-12 || total
---------------------------+-------+-------+-------+-------++-------
  Melee: Unarmed           |   135 |   167 |    25 |       ||   327
         Punch             |     1 |     2 |       |       ||     3
         Flail             |       |       |    41 |       ||    41
         Quarterstaff      |       |       |   196 |   107 ||   303
         Spear             |       |       |       |    40 ||    40
         Giant spiked club |       |       |       |   131 ||   131
  Throw: Boomerang         |       |       |     7 |       ||     7
         Dart              |       |       |     5 |     4 ||     9
 Invoke: Berserk           |       |     4 |     5 |     6 ||    15
         Trog's Hand       |       |       |     3 |     3 ||     6
         Brothers in Arms  |       |       |       |     1 ||     1
  Evoke: Wand              |       |       |     5 |     2 ||     7
    Use: Scroll            |     2 |     9 |     7 |     8 ||    26
   Stab: Sleeping          |       |     1 |       |       ||     1
 Armour: Animal skin       |   114 |   105 |    26 |       ||   245
         Robe              |       |       |   289 |     6 ||   295
         Steam dragon scal |       |       |       |   351 ||   351
         Acid dragon scale |       |       |       |     5 ||     5
  Dodge: Dodged            |    76 |    73 |   207 |   187 ||   543

Table legend: (Time is in decaauts)
 A = Elapsed time spent in this place.
 B = Non-inter-level travel time spent in this place.
 C = Inter-level travel time spent in this place.
 D = Time resting spent in this place.
 E = Time spent auto-exploring this place.
 F = Levels seen in this place.
 G = Mean time per level.
                   A        B        C        D        E       F      G
               +--------+--------+--------+--------+--------+-----+--------+
         Total |   8771 |   8596 |    175 |   1578 |   4708 |  10 |  877.1 |
       Dungeon |   7672 |   7497 |    175 |   1287 |   4382 |   9 |  852.4 |
        Bailey |   1098 |   1098 |      0 |    291 |    326 |   1 | 1098.0 |
               +--------+--------+--------+--------+--------+-----+--------+

Top non-repeatable levels by time:
     D:9: 1346 daAuts
     D:6: 1189 daAuts
  Bailey: 1098 daAuts
     D:7: 894 daAuts
     D:8: 786 daAuts
     D:5: 771 daAuts
     D:2: 766 daAuts
     D:4: 766 daAuts
     D:1: 621 daAuts
     D:3: 530 daAuts
